AoeStats
← Pillage The Village

Arabia

505062710Analyzed
2v2 RM · 24d ago on Sep 7, 2026· 51m 39s· 4 players
Game mode
Random Map
Map size
Medium (4 player)
Population
200
Speed
Normal
Resources
Standard
Victory
Conquest
Starting age
Dark Age
Ending age
Imperial Age
RankedLock teamsTeams togetherTeam positionsShared explorationLock speedFull tech treeHidden civsTurbo modeCheats
Victory
Defeat
🇧🇪 Mongols · Belgium
1220
+17
🇧🇪 Persians · Belgium
1195
+18
🇳🇱 Khmer · Netherlands
1281
-18
🇩🇪 Cumans · Germany
1219
-17
Mayor Meanswell
1:56 Loom
9:59 Feudal Age
12:11 Man-at-Arms
13:13 Man-at-Arms
15:27 Double-Bit Axe
18:02 Scale Mail Armor
25:19 Horse Collar
27:54 Fletching
30:23 Castle Age
33:47 Wheelbarrow
33:46 Bow Saw
34:03 Capped Ram
41:36 Masonry
46:10 Bodkin Arrow
46:15 Padded Archer Armor
47:21 Bloodlines
48:03 Ballistics
49:21 Hand Cart
50:32 Light Cavalry
51:23 Forging
51:18 Scale Barding Armor
51:59 Steppe Husbandry
eessddzz
8:14 Feudal Age
8:44 Double-Bit Axe
9:35 Loom
15:46 Scale Barding Armor
21:31 Castle Age
19:47 Horse Collar
22:13 Bloodlines
22:14 Forging
22:41 Husbandry
22:40 Gold Mining
27:36 Chain Barding Armor
32:49 Wheelbarrow
33:36 Iron Casting
42:42 Fletching
Pillage The Village
6:28 Loom
8:47 Feudal Age
9:37 Double-Bit Axe
21:46 Castle Age
21:39 Crossbowman
26:18 Ballistics
25:54 Fletching
26:11 Padded Archer Armor
26:36 Bodkin Arrow
27:13 Bow Saw
29:59 Horse Collar
30:11 Gold Mining
33:30 Husbandry
33:40 Bloodlines
33:41 Forging
38:34 Scale Barding Armor
44:09 Elite Skirmisher
49:55 Imperial Age
48:03 Wheelbarrow
50:27 Leather Archer Armor
51:14 Chemistry
51:55 Ring Archer Armor
51:29 Heavy Plow
52:33 Two-Man Saw
Myll_Barka
3:30 Loom
10:18 Feudal Age
18:53 Castle Age
16:52 Double-Bit Axe
17:20 Horse Collar
17:39 Gold Mining
18:26 Bloodlines
18:51 Scale Barding Armor
25:34 Wheelbarrow
25:42 Heavy Plow
28:45 Town Watch
30:47 Husbandry
32:26 Forging
34:06 Light Cavalry
36:20 Chain Barding Armor
40:44 Iron Casting
40:27 Hand Cart
40:35 Town Patrol
41:16 Gold Shaft Mining
40:32 Stone Mining
45:19 Imperial Age
44:03 Fletching
44:13 Padded Archer Armor
45:25 Cavalier
47:25 Blast Furnace
46:28 Hussar
47:44 Bodkin Arrow
47:12 Heavy Camel Rider
48:52 Bracer
49:07 Leather Archer Armor
48:47 Elite Steppe Lancer
Connection lost

Rejoining the realm…

Still unreachable

The connection could not be restored.

Session expired

The server has moved on; the page needs a fresh start.